 Dungeon Crawl Stone Soup version 0.30-a0-371-gad7725a93e (webtiles) character file.

Game seed: 7039677067541908361

2640 freelancePsychic the Carver (level 9, -3/71 (74) HPs)
             Began as a Merfolk Hexslinger on Nov 21, 2022.
             Was a Follower of Uskayaw.
             Slain by a killer bee (7 damage)
             ... on level 7 of the Dungeon.
             The game lasted 00:17:54 (8140 turns).

freelancePsychic the Carver (Merfolk Hexslinger)    Turns: 8140, Time: 00:17:55

HP:   -3/71 (74)    AC:  9    Str:  9 (10) XL:     9   Next: 61%
MP:   10/10         EV: 15    Int: 17 (18) God:    Uskayaw [*.....]
Gold: 364           SH:  0    Dex: 17 (18) Spells: 9/10 levels left

rFire   + . .      SeeInvis +    b - +3 scimitar
rCold   + . .      Faith    +    (no shield)
rNeg    . . .      Spirit   .    e - +2 leather armour {Will+}
rPois   .          Reflect  .    (no helmet)
rElec   .          Harm     .    f - +1 cloak
rCorr   .          Rampage  .    j - +0 pair of gloves
Will    +....                    v - +0 pair of boots
Stlth   +.........               s - amulet "Buisal" {Faith rF+ Int+5}
HPRegen 0.31/turn                g - ring of see invisible
MPRegen 0.12/turn                k - ring of protection from cold

@: brilliant, lethally poisoned (-3 -> -13), attractive, lightly drained
A: (nimble swimmer 2), mertail
a: Renounce Religion, Stomp


You were on level 7 of the Dungeon.
You worshipped Uskayaw.
Uskayaw was noncommittal.
You visited 2 branches of the dungeon, and saw 9 of its levels.

You collected 364 gold pieces.

Inventory:

Hand Weapons
 a - a +1 sling
 b - a +3 scimitar (weapon)
Missiles
 F - 5 javelins (quivered)
Armour
 e - a +2 leather armour of willpower (worn)
 f - a +1 cloak (worn)
 j - a +0 pair of gloves (worn)
 l - a +2 kite shield
 r - a +0 leather armour
 v - a +0 pair of boots (worn)
Jewellery
 g - a ring of see invisible (left hand)
 k - a ring of protection from cold (right hand)
 s - the amulet "Buisal" (around neck) {Faith rF+ Int+5}
   (You found it on level 6 of the Dungeon)

   [amulet of faith]

   It allows you to gain divine favour quickly.
   Int:       It affects your intelligence (+5).
   rF:        It protects you from fire.
Wands
 d - a wand of iceblast (4)
 p - a wand of polymorph (10)
 D - a wand of flame (18)
Scrolls
 h - 4 scrolls of identify {@r1}
 i - a scroll of vulnerability
 m - a scroll of enchant armour
 o - a scroll of summoning
 u - 2 scrolls of poison
 y - a scroll of immolation
 E - a scroll of noise {unknown}
Potions
 n - a potion of berserk rage {unknown}
 q - a potion of lignification {unknown}
 t - a potion of mutation {unknown}
 w - 2 potions of degeneration
 z - a potion of haste {unknown}
 A - a potion of flight {unknown}
 B - a potion of magic {unknown}


   Skills:
 + Level 7.8 Fighting
 * Level 9.0 Long Blades
 - Level 4.0 Ranged Weapons
 + Level 7.5 Dodging
 - Level 1.0 Spellcasting
 - Level 3.0 Hexes
 - Level 2.0 Invocations


You had 9 spell levels left.
You knew the following spells:

 Your Spells              Type           Power      Damage    Failure   Level
a - Slow                  Hex            64%        N/A       9%          1

Your spell library contained the following spells:

 Spells                   Type           Power      Damage    Failure   Level
 Confusing Touch          Hex            16%        N/A       26%         3
 Blink                    Tloc           2%         N/A       41%         2
 Momentum Strike          Conj/Tloc      2%         3d8       41%         2
 Inner Flame              Hex/Fire       8%         N/A       43%         3
 Portal Projectile        Hex/Tloc       16%        N/A       43%         3
 Lesser Beckoning         Tloc           2%         N/A       65%         3
 Vampiric Draining        Necr           1%         2d6       65%         3
 Cause Fear               Hex            8%         N/A       65%         4


Dungeon Overview and Level Annotations

Branches:
Dungeon (8/15)             Temple (1/1) D:7
   Lair: D:8-11

Altars:
Ashenzari
Cheibriados
Dithmenos
Elyvilon
Fedhas
Gozag
Hepliaklqana
Kikubaaqudgha
Makhleb
Nemelex Xobeh
Okawaru
Qazlal
Ru
Sif Muna
Trog
Uskayaw
Vehumet
Wu Jian
Xom
Yredelemnul
Zin
The Shining One

Annotations:
D:3 1 runed translucent door, Crazy Yiuf, Terence
D:5 1 runed translucent door, lunkers's ghost, amateur AtRe


Innate Abilities, Weirdness & Mutations

((You are very nimble when in or above water. (Stealth+, EV+, Speed+++)))
Your lower body shifts to a powerful aquatic tail in water.


Message History

The killer bee closely misses you. The killer bee stings you.
* * * LOW HITPOINT WARNING * * *
The killer bee stings you but does no damage.
The killer bee misses you.
The killer bee stings you but does no damage. x3
The killer bee barely misses you. The killer bee closely misses you.
The killer bee stings you.
* * * LOW HITPOINT WARNING * * *
You climb upwards.
You can no longer pass through a line of other dancers.
There is a stone staircase leading down here.
As you read the scroll of summoning, it crumbles to dust.
Wisps of shadow whirl around you... The killer bee stings you.
* * * LOW HITPOINT WARNING * * *
You are poisoned.
The killer bee poisons you! The killer bee stings you.
* * * LOW HITPOINT WARNING * * *
The killer bee completely misses you. The killer bee closely misses you.
The killer bee stings you.
* * * LOW HITPOINT WARNING * * *
You are lethally poisoned!
The killer bee poisons you!
The killer bee stings you but does no damage.
It was a potion of attraction.
You feel attractive to monsters.
* * * LOW HITPOINT WARNING * * *
You feel very sick. The killer bee closely misses you.
The killer bee stings you but does no damage. x2
The killer bee barely misses you.
The killer bee stings you but does no damage.
The killer bee misses you.
Your orc warrior hits the killer bee with a +0 short sword!
Your orc hits the killer bee with a +0 mace.
It was a potion of brilliance.
You feel clever all of a sudden.
* * * LOW HITPOINT WARNING * * *
You feel very sick. The killer bee stings you!
You die...

.#.#.##### .#...#
.###### ......#
......#
......#######
......#.....##
.....####....#####
######>.##...##y@#
#...#...#oyy#
###.'#...#oo###
#####.###..).o###.#
.)((([.).).[.o....#
####.......♣......#
##.............#
#####.....#####
#######..#...#..##


You could see 3 killer bees, a friendly orc warrior (summoned), a friendly orc
wizard (summoned) and 3 friendly orcs.

Vanquished Creatures
  Grinder (D:4)
  A water moccasin (D:7)
  A black bear (D:6)
  An ogre (D:5)
  A centaur (D:8)
  4 phantoms
  A kobold brigand (D:7)
  A bullfrog (D:4)
  4 necrophages
  2 gnoll sergeants
  2 scorpions
  4 wights (D:7)
  4 killer bees (D:7)
  A howler monkey (D:7)
  3 orc priests
  A hound (D:5)
  6 iguanas
  4 orc wizards
  Robin (D:3)
  12 gnolls
  10 adders
  A white imp (D:6)
  An ufetubus (D:5)
  4 worms
  3 dart slugs
  21 orcs
  5 bats
  4 endoplasms
  4 giant cockroaches
  13 hobgoblins
  2 jackals (D:2)
  11 kobolds
  2 quokkas (D:4)
  9 ball pythons
  2 frilled lizards
  12 goblins
  5 rats
164 creatures vanquished.

Vanquished Creatures (others)
  2 kobolds (D:7)
2 creatures vanquished.

Grand Total: 166 creatures vanquished

Notes
Turn   | Place    | Note
-------+----------+-------------------------------------------
     0 | D:1      | freelancePsychic the Merfolk Hexslinger began the quest for
                  | the Orb.
     0 | D:1      | Reached XP level 1. HP: 15/15 MP: 2/2
   119 | D:1      | Reached XP level 2. HP: 22/22 MP: 3/3
   267 | D:1      | Reached XP level 3. HP: 27/27 MP: 4/4
  1110 | D:2      | Reached XP level 4. HP: 34/34 MP: 5/5
  1398 | D:3      | Found a stormy altar of Qazlal.
  1412 | D:3      | Noticed Robin
  1534 | D:3      | Killed Robin
  1544 | D:3      | Found a blossoming altar of Fedhas.
  1560 | D:3      | Found a snail-covered altar of Cheibriados.
  1603 | D:3      | Found a runed translucent door.
  1604 | D:3      | Noticed Crazy Yiuf
  1637 | D:3      | Reached skill level 5 in Dodging
  1651 | D:3      | Reached XP level 5. HP: 22/42 MP: 6/6
  1814 | D:3      | Noticed Terence
  1938 | D:3      | Found a sacrificial altar of Ru.
  1973 | D:3      | Became a worshipper of Ru the Awakened
  2629 | D:4      | Noticed Grinder
  2694 | D:4      | Killed Grinder
  2695 | D:4      | Reached XP level 6. HP: 3/49 MP: 7/7
  3217 | D:4      | Reached XP level 7. HP: 31/55 MP: 8/8
  3355 | D:4      | Reached skill level 5 in Fighting
  3497 | D:4      | Reached skill level 1 in Long Blades
  3589 | D:4      | Reached skill level 2 in Long Blades
  4280 | D:5      | Entered Level 5 of the Dungeon
  4289 | D:4      | Reached skill level 3 in Long Blades
  4337 | D:5      | Reached XP level 8. HP: 35/64 MP: 9/9
  4478 | D:5      | Reached skill level 4 in Long Blades
  4790 | D:5      | Reached skill level 5 in Long Blades
  5020 | D:5      | Found a runed translucent door.
  5021 | D:5      | Noticed lunkers's ghost (amateur AtRe)
  5449 | D:5      | Found a shimmering altar of Xom.
  5449 | D:5      | Found a shimmering altar of Xom.
  5449 | D:5      | Found a shimmering altar of Xom.
  5450 | D:5      | Found a shimmering altar of Xom.
  5450 | D:5      | Found a shimmering altar of Xom.
  5450 | D:5      | Found a shimmering altar of Xom.
  5450 | D:5      | Found a shimmering altar of Xom.
  5451 | D:5      | Found a shimmering altar of Xom.
  5679 | D:6      | Reached skill level 6 in Long Blades
  5751 | D:6      | Identified the amulet "Buisal" {Faith rF+ Int+5}
  6005 | D:6      | Reached skill level 7 in Long Blades
  6005 | D:6      | Reached XP level 9. HP: 56/71 MP: 10/10
  6168 | D:6      | Found a sparkling altar of Nemelex Xobeh.
  6479 | D:7      | Found a staircase to the Ecumenical Temple.
  6506 | Temple   | Entered the Ecumenical Temple
  6823 | Temple   | Fell from the grace of Ru
  6823 | Temple   | Became a worshipper of Uskayaw the Reveller
  6954 | D:7      | Reached * piety under Uskayaw
  6955 | D:7      | Reached ** piety under Uskayaw
  7238 | D:7      | Reached skill level 8 in Long Blades
  7292 | D:7      | Reached skill level 1 in Invocations
  7301 | D:7      | Reached *** piety under Uskayaw
  7302 | D:7      | Reached **** piety under Uskayaw
  7622 | D:7      | Reached ***** piety under Uskayaw
  8119 | D:8      | Found a glowing silver altar of Zin.
  8131 | D:8      | Reached skill level 9 in Long Blades
  8140 | D:7      | Slain by a killer bee

Illustrated notes

Levels and vault maps discovered:
D:1:      saegor_arrival_fortress, layout_rooms
D:2:      layout_loops_ring, minmay_fractal_squares_gapless_5
D:3:      layout_loops_ring, mainiacjoe_overflow_catwalk_spiral,
          mainiacjoe_overflow_catch_the_wave, nrook_uturn, st_stairs_4,
          chequers_big_river, uniq_terence, uniq_robin, uniq_crazy_yiuf_cottage
D:4:      layout_basic, serial_curves, eino_curves_01, eino_curves_02,
          uniq_grinder
D:5:      layout_basic, xom_redecorated, ebering_ghost_sewer_d
D:6:      layout_basic, nemelex_altar_shiori
D:7:      layout_basic, minmay_temple_entry_mist, grunt_ministairs_6
D:8:      layout_cave_pools, mainiacjoe_overflow_concentric_impassable
Temple:   regret_index_temple_waves

Skill      XL: |  1  2  3  4  5  6  7  8  9 |
---------------+----------------------------+-----
Dodging        | 3 4 5 7 |  7.5
Fighting       | 2 3 4 5 6 7 |  7.8
Ranged Weapons | 3 4 |  4.0
Long Blades    | 3 7 9 |  9.0
Invocations    | 2 |  2.0
Spellcasting   | |  1.0
Hexes          | |  3.0

Action                   |  1- 3 |  4- 6 |  7- 9 || total
-------------------------+-------+-------+-------++-------
Melee: Long sword        |       |    54 |   387 ||   441
       Punch             |       |       |     4 ||     4
       Scimitar          |       |       |     6 ||     6
 Fire: Sling             |   106 |   116 |       ||   222
Throw: Throwing net      |       |       |     2 ||     2
       Javelin           |       |       |     9 ||     9
Invok: Stomp             |       |       |     3 ||     3
Evoke: Wand              |       |     2 |       ||     2
  Use: Scroll            |       |     6 |     7 ||    13
       Potion            |       |     1 |     5 ||     6
 Stab: Sleeping          |       |     1 |     1 ||     2
       Paralysed         |       |       |     5 ||     5
Armor: Robe              |     9 |    33 |     1 ||    43
       Leather armour    |       |       |    98 ||    98
Dodge: Dodged            |    31 |   106 |   279 ||   416
Block: Other             |       |       |    53 ||    53

Table legend: (Time is in decaauts)
 A = Elapsed time spent in this place.
 B = Non-inter-level travel time spent in this place.
 C = Inter-level travel time spent in this place.
 D = Time resting spent in this place.
 E = Time spent auto-exploring this place.
 F = Levels seen in this place.
 G = Mean time per level.
                   A        B        C        D        E       F      G
               +--------+--------+--------+--------+--------+-----+--------+
         Total |   8258 |   7959 |    299 |     70 |   6422 |   9 |  917.6 |
       Dungeon |   7896 |   7629 |    267 |     70 |   6135 |   8 |  987.0 |
        Temple |    361 |    329 |     32 |      0 |    287 |   1 |  361.0 |
               +--------+--------+--------+--------+--------+-----+--------+

Top non-repeatable levels by time:
     D:4: 1753 daAuts
     D:5: 1363 daAuts
     D:3: 1292 daAuts
     D:7: 1252 daAuts
     D:6: 872 daAuts
     D:2: 773 daAuts
     D:1: 571 daAuts
  Temple: 361 daAuts
     D:8: 17 daAuts
